 Dungeon Crawl Stone Soup version 0.28-a0-1404-g4df0f3684d (webtiles) character file.

Game seed: 12518451177532003052

616 fragbeetle the Insei (level 7, -8/57 HPs)
             Began as a Grey Draconian Transmuter on Jan 5, 2022.
             Mangled by Duvessa (9 damage)
             ... on level 5 of the Dungeon.
             The game lasted 00:07:44 (2917 turns).

fragbeetle the Insei (Grey Draconian Transmuter)    Turns: 2917, Time: 00:07:45

Health: -8/57      AC:  2    Str: 11 (12) XL:     7   Next: 21%
Magic:  6/10       EV: 20    Int: 12 (13) God:
Gold:   114        SH:  0    Dex: 16 (19) Spells: 6/10 levels left

rFire   . . .      SeeInvis .     - Unarmed
rCold   . . .      Faith    .   (shield currently unavailable)
rNeg    . . .      Spirit   .   (armour unavailable)
rPois   x          Reflect  .   (helmet currently unavailable)
rElec   .          Harm     .   (cloak currently unavailable)
rCorr   .          Rampage  .   (gloves currently unavailable)
Will    .....                   (boots currently unavailable)
Stlth   +.........              (no amulet)
HPRegen 0.19/turn               (no ring)
MPRegen 0.12/turn               (no ring)

@: spider-form
A: venomous fangs, AC +11, (amphibious), tiny, unfitting armour, (cold-blooded)
a: End Transformation


You were on level 5 of the Dungeon.
You were a venomous arachnid creature.
You visited 1 branch of the dungeon, and saw 4 of its levels.

You collected 114 gold pieces.

Inventory:

Hand Weapons
 k - a +0 vorpal hunting sling
Missiles
 a - 51 poisoned darts (quivered)
 f - 49 stones
 p - 14 sling bullets
Magical Staves
 h - a staff of cold
Scrolls
 c - a scroll of amnesia {unknown}
 d - a scroll of enchant weapon {unknown}
 e - a scroll of noise {unknown}
 j - a scroll of holy word {unknown}
 l - a scroll of identify {unknown}
 o - a scroll of teleportation {unknown}
Potions
 b - a potion of degeneration
 g - 2 potions of lignification {unknown}
 i - 2 potions of heal wounds {unknown}
 m - a potion of curing {unknown}
 n - a potion of flight {unknown}
 q - a potion of magic {unknown}


   Skills:
 + Level 3.0 Fighting
 + Level 3.1 Dodging
 * Level 5.1 Unarmed Combat
 - Level 2.0 Spellcasting
 * Level 4.5 Transmutations
 + Level 1.9 Ice Magic
 + Level 1.9 Poison Magic


You had 6 spell levels left.
You knew the following spells:

 Your Spells              Type           Power      Damage    Failure   Level
a - Beastly Appendage     Tmut           24%        N/A       13%         1
b - Spider Form           Tmut/Pois      8%         N/A       43%         3

Your spell library contained the following spells:

 Spells                   Type           Power      Damage    Failure   Level
 Wereblood                Tmut           12%        N/A       17%         2
 Ignite Poison            Fire/Tmut/Pois 6%         N/A       56%         3
 Ice Form                 Ice/Tmut       8%         N/A       78%         4
 Conjure Flame            Conj/Fire      1%         6-21      82%         3
 Stone Arrow              Conj/Erth      2%         3d7       82%         3
 Sticky Flame             Conj/Fire      1%         2d3       99%         4
 Lehudib's Crystal Spear  Conj/Erth      0%         10d2      100%        8
 Animate Armour           Summ/Erth      Unusable   N/A       N/A         4

Dungeon Overview and Level Annotations

Branches:
Dungeon (3/15)

Altars:

Annotations:
D:5 Dowan, Duvessa


Innate Abilities, Weirdness & Mutations

You are a venomous arachnid creature.
You have poisonous fangs.
You are tiny and dextrous.
Your spellcasting is less reliable in this form.
Your armour is entirely melded.
You are incapable of wielding weapons or throwing items.
((Your dull iron-grey scales are very hard. (AC +11)))
((You are amphibious.))
You cannot fit into any form of body armour.
((You are cold-blooded and may be slowed by cold attacks.))


Message History

Confirm with . or Enter, or press ? or * to list all spells.
You turn into a venomous arachnid creature.
Duvessa hits you with a +0 short sword!
You hit Duvessa.
Duvessa is poisoned.
Duvessa is lightly wounded.
Duvessa closely misses you. Duvessa hits you with a +0 short sword.
You hit Duvessa but do no damage.
Duvessa looks as sick as possible!
Duvessa is moderately wounded.
Duvessa hits you with a +0 short sword.
You hit Duvessa.
Duvessa looks as sick as possible!
Duvessa is moderately wounded.
Duvessa misses you. Duvessa barely misses you.
Duvessa hits you with a +0 short sword.
Your transformation is almost over.
Dowan says, "Stay away from my face!"
Duvessa barely misses you. Duvessa hits you with a +0 short sword!
Duvessa hits you with a +0 short sword. Duvessa hits you with a +0 short sword.
Duvessa says, "Beauty is only skin deep, and my weapons penetrate much further than that."
Your transformation has ended.
Duvessa hits you with a +0 short sword.
* * * LOW HITPOINT WARNING * * *
Casting: Spider Form (dangerous; 21% risk of failure)
Confirm with . or Enter, or press ? or * to list all spells.
You turn into a venomous arachnid creature.
Duvessa hits you with a +0 short sword.
* * * LOW HITPOINT WARNING * * *
You hit Duvessa.
Duvessa looks as sick as possible!
Duvessa is almost dead.
Duvessa hits you with a +0 short sword.
* * * LOW HITPOINT WARNING * * *
Duvessa hits you with a +0 short sword.
* * * LOW HITPOINT WARNING * * *
Unknown command.
It was a potion of degeneration.
There was something very wrong with that liquid.
You feel weakened.
You feel dopey.
You feel clumsy. Duvessa hits you with a +0 short sword!
You die...

##########.####
#.e...........#
#.###.#######.#
#e# #.# #.# #s#
#.#######[##..
#.#
#.....e!......
#.#
#########.##..
#.# #.# #.# #.#
#.#### #.#
#....# #.#
####.# #.# #.#
#<.


You could see Duvessa (fast, extremely poisoned) and Dowan.

Vanquished Creatures
  A sky beast (D:5)
  A necrophage (D:5)
  A phantom (D:5)
  2 scorpions (D:5)
  A bullfrog zombie (D:5)
  2 hounds (D:5)
  Natasha (D:3)
  3 gnolls (D:5)
  4 adders
  A white imp (D:5)
  A worm (D:2)
  3 endoplasms
  5 giant cockroaches
  5 goblins
  7 hobgoblins
  6 jackals
  A kobold (D:3)
  5 ball pythons
  10 bats
  3 frilled lizards (D:1)
  7 rats
70 creatures vanquished.

Notes
Turn   | Place    | Note
-------+----------+-------------------------------------------
     0 | D:1      | fragbeetle the Draconian Transmuter began the quest for the
                  | Orb.
     0 | D:1      | Reached XP level 1. HP: 16/16 MP: 3/3
    63 | D:1      | Reached XP level 2. HP: 23/23 MP: 3/5
   585 | D:2      | Reached XP level 3. HP: 9/28 MP: 4/6
  1376 | D:2      | Reached XP level 4. HP: 35/36 MP: 5/7
  1434 | D:2      | Learned a level 3 spell: Spider Form
  1807 | D:3      | Noticed Natasha
  1816 | D:3      | Killed Natasha
  2044 | D:3      | You fall into a shaft and drop 2 floors!
  2044 | D:5      | Entered Level 5 of the Dungeon
  2089 | D:5      | Noticed a scorpion
  2108 | D:5      | Killed a scorpion
  2109 | D:5      | Reached skill level 4 in Unarmed Combat
  2109 | D:5      | Reached XP level 5. HP: 34/41 MP: 8/8
  2118 | D:5      | Reached skill level 1 in Ice Magic
  2131 | D:5      | Noticed a necrophage
  2138 | D:5      | Killed a necrophage
  2139 | D:5      | Reached skill level 1 in Poison Magic
  2139 | D:5      | Reached XP level 6. HP: 27/50 MP: 7/9
  2329 | D:5      | Noticed a sky beast
  2339 | D:5      | Killed a sky beast
  2372 | D:5      | Your scales start taking on a dull iron-grey colour.
  2372 | D:5      | Reached XP level 7. HP: 34/56 MP: 6/10
  2567 | D:5      | Reached skill level 5 in Unarmed Combat
  2891 | D:5      | Noticed Duvessa
  2892 | D:5      | Noticed Dowan
  2916 | D:5      | HP: 1/57 [Duvessa (6)]
  2917 | D:5      | Mangled by Duvessa

Illustrated notes

Levels and vault maps discovered:
D:1:      ncdulo_wetmaze, layout_rooms
D:2:      layout_loops_ring, chequers_serial_rivers_large_a,
          hangedman_decor_diamond_cutter
D:3:      layout_loops_cross, lemuel_tele_altar,
          hellmonk_ecumenical_altar_arch_garden, serial_shops,
          nicolae_diamond_shop, serial_glass, glass_columns_a, glass_columns_c,
          uniq_natasha
D:5:      layout_loops_ring, uniq_duvessa

Skill      XL: |  1  2  3  4  5  6  7 |
---------------+----------------------+-----
Dodging        | 2 3 |  3.1
Transmutations | 3 4 |  4.5
Fighting       | 2 3 |  3.0
Unarmed Combat | 4 5 |  5.1
Ice Magic      | 1 |  1.9
Poison Magic   | 1 |  1.9
Spellcasting   | |  2.0

Action                   |  1- 3 |  4- 6 |  7- 9 || total
-------------------------+-------+-------+-------++-------
Melee: Unarmed           |   105 |   104 |    28 ||   237
       Kick              |    21 |    17 |     8 ||    46
       Headbutt          |    13 |    15 |     5 ||    33
       Tailslap          |    13 |     6 |     5 ||    24
       Punch             |     1 |     3 |     1 ||     5
Throw: Dart              |     3 |     1 |       ||     4
 Cast: Beastly Appendage |    24 |    13 |     4 ||    41
       Spider Form       |       |     2 |     2 ||     4
  Use: Potion            |       |       |     1 ||     1
 Stab: Sleeping          |       |     1 |       ||     1
Armor: Skin              |    39 |    28 |     9 ||    76
Dodge: Dodged            |    72 |    70 |    17 ||   159

Table legend: (Time is in decaauts)
 A = Elapsed time spent in this place.
 B = Non-inter-level travel time spent in this place.
 C = Inter-level travel time spent in this place.
 D = Time resting spent in this place.
 E = Time spent auto-exploring this place.
 F = Levels seen in this place.
 G = Mean time per level.
                   A        B        C        D        E       F      G
               +--------+--------+--------+--------+--------+-----+--------+
         Total |   2910 |   2873 |     37 |    164 |   1842 |   4 |  727.5 |
       Dungeon |   2910 |   2873 |     37 |    164 |   1842 |   4 |  727.5 |
               +--------+--------+--------+--------+--------+-----+--------+

Top non-repeatable levels by time:
     D:2: 1202 daAuts
     D:5: 865 daAuts
     D:1: 559 daAuts
     D:3: 282 daAuts
